Description

This replay comes from a Tournament: Cure vs soO.

This build order is the standard proxy 3 rax reaper.

VOD

https://youtu.be/VcFnWyS5LHY

Replay - DPGCure v soO - Ice and Chrome LE

Build Order

Get SALT Encoding   

  12  0:00  SCV  
  13  0:13  Supply Depot  
  13  0:17  SCV  
  14  0:38  Barracks  
  14  0:39  Refinery  
  14  0:56  Barracks  
  14  1:11  Barracks  
  14  1:23  Refinery  
  14  1:25  Reaper  
  15  1:43  Reaper  
  16  1:57  Reaper  
  17  2:03  Reaper  
  17  2:06  Bunker  
  18  2:15  Reaper  
  19  2:30  Reaper  
  19  2:35  Reaper  
  21  2:49  Reaper  
  22  2:56  Supply Depot  
  22  3:03  Reaper  
  23  3:18  Reaper  
Spawning Tool Build Advisor. Get it on Overwolf

Go to:

Details

  • Created by: zuka      
  • Published on: Jul 22, 2020
  • Modified on: Jul 22, 2020
  • Patch: 4.11.0
  • Difficulty: Easy
Show
View Real Time Build Order
Export as new Build Order

Comments (0)

There are no comments. Be the first!

Create an account to comment!